 Dungeon Crawl Stone Soup version 0.20-a0-2-g2b0e13a (webtiles) character file.

279 Kaname the Stinger (level 6, -3/41 HPs)
             Began as a Demonspawn Venom Mage on Oct 29, 2016.
             Slain by a gnoll
             ... wielding a +0 whip
              (4 damage)
             ... on level 3 of the Dungeon.
             The game lasted 00:09:25 (3720 turns).

Kaname the Stinger (Demonspawn Venom Mage)          Turns: 3720, Time: 00:09:26

Health: -3/41      AC:  5    Str:  8    XL:     6   Next: 5%
Magic:  9/9        EV: 12    Int: 19    God:
Gold:   134        SH:  0    Dex: 13    Spells: 3 memorised, 1 level left

rFire  . . .     SeeInvis .     p - +0 war axe (venom)
rCold  . . .     Gourm    .     a - +0 robe
rNeg   . . .     Faith    .     (no shield)
rPois  .         Spirit   .     (helmet restricted)
rElec  .         Reflect  .     (no cloak)
rCorr  .         Harm     .     j - +0 pair of gloves
MR     .....                    (no boots)
Stlth  ++........               (no amulet)
                                (no ring)
                                (no ring)

@: no status effects
A: antennae 1, iridescent scales 1, powered by pain 1, rot immunity
a: no special abilities


You were on level 3 of the Dungeon.
You were hungry.

You visited 1 branch of the dungeon, and saw 4 of its levels.

You collected 134 gold pieces.

Inventory:

Hand Weapons
 p - a +0 war axe of venom (weapon)
Armour
 a - a +0 robe (worn)
 j - a +0 pair of gloves (worn)
Wands
 r - a wand of flame (17/48)
Scrolls
 e - 2 scrolls of identify {unknown}
 g - a scroll of fear {unknown}
 k - 3 scrolls of remove curse {unknown}
 l - 2 scrolls of immolation {unknown}
 m - a scroll of fog {unknown}
 n - a scroll of teleportation {unknown}
 o - a scroll of random uselessness {unknown}
Potions
 d - a potion of brilliance {unknown}
 f - 2 potions of haste {unknown}
 h - 2 potions of might {unknown}
 i - a potion of flight {unknown}
 q - 2 potions of degeneration {unknown}
Books
 b - a Young Poisoner's Handbook

   Spells                             Type                      Level
   a - Sting                          Conjuration/Poison           1
   b - Mephitic Cloud                 Conjuration/Poison/Air       3
   c - Olgreb's Toxic Radiance        Poison                       4
   d - Alistair's Intoxication        Transmutation/Poison         5
   e - Venom Bolt                     Conjuration/Poison           5
Comestibles
 c - 2 bread rations
 s - 2 chunks of flesh


   Skills:
 - Level 1.7 Dodging
 - Level 1.7 Stealth
 - Level 2.0 Spellcasting
 - Level 4.0 Conjurations
 - Level 2.0 Air Magic
 + Level 5.3 Poison Magic


You had one spell level left.
You knew the following spells:

 Your Spells              Type           Power        Failure   Level  Hunger
a - Sting                 Conj/Pois      ###.         2%          1    #......
b - Mephitic Cloud        Conj/Pois/Air  ###.....     12%         3    ###....
c - Olgreb's Toxic Radia  Pois           ###.....     21%         4    #####..


Dungeon Overview and Level Annotations

Branches:
Dungeon (4/15)
 Temple: D:4-7

Altars:
Ashenzari

Annotations:
D:3 Zigma's ghost, amateur DrTm
D:4 Grinder


Innate Abilities, Weirdness & Mutations

You have a pair of small antennae on your head.
You are partially covered in iridescent scales. (AC +2)
You sometimes gain a little power by taking damage.
You are immune to rotting.


Message History

The gnoll barely misses you. The gnoll hits you but does no damage.
The gnoll barely misses you. The gnoll hits you but does no damage.
The gnoll hits you with a whip.
* * * LOW HITPOINT WARNING * * *
The gnoll barely misses you. The gnoll hits you with a whip.
* * * LOW HITPOINT WARNING * * *
The gnoll hits you but does no damage. The gnoll hits you with a whip.
* * * LOW HITPOINT WARNING * * *
The gnoll misses you. The gnoll barely misses you.
The gnoll closely misses you. The gnoll completely misses you.
The gnoll hits you with a whip.
* * * LOW HITPOINT WARNING * * *
The gnoll hits you with a whip.
You die...

#.####.###.####..##..#.#.#####..#
...........# #..##......##.....#
#.####.##### #.>##..#.#........#
#.# #..###### #)[##..............
#.# #.......# #..##.#.#######.#.#
#.# #..####.# #..##.#.# #.#.# #.#
#..# #.# #..##.#.# #.#.# #.# #..#
#.# #..##.#.#######.#.# #.###..#
#.# #.@##.............. .......#
#.# #.g##.<.#######.#.# ######.#
#.# #..##.............# .......#
#.# #..................
###########.###.###....######.###
#>.........#.# #....# #.#..
#.######.#.#.###....######)#.#
#.# #.#.#................†)
#.######.#.....#...........#.#


You could see a gnoll.

Vanquished Creatures
  2 orc wizards (D:3)
  Ijyb (D:3)
  A worker ant (D:3)
  6 gnolls
  3 adders (D:3)
  An ooze (D:2)
  4 worms
  A leopard gecko (D:3)
  6 orcs
  A ball python (D:3)
  3 giant cockroaches
  8 goblins
  7 hobgoblins
  2 jackals (D:2)
  2 quokkas (D:2)
  10 bats
  4 frilled lizards
  3 kobolds
  A quokka skeleton (D:3)
  6 rats
72 creatures vanquished.

Notes
Turn   | Place    | Note
-------+----------+-------------------------------------------
     0 | D:1      | Kaname the Demonspawn Venom Mage began the quest for the Orb.
     0 | D:1      | Reached XP level 1. HP: 13/13 MP: 3/3
   237 | D:1      | Reached skill level 1 in Conjurations
   326 | D:1      | Gained mutation: You have a pair of small antennae on your head. [demonic ancestry]
   326 | D:1      | Reached XP level 2. HP: 16/19 MP: 3/5
   792 | D:2      | Found a shattered altar of Ashenzari.
   899 | D:2      | Reached XP level 3. HP: 23/24 MP: 1/6
   950 | D:2      | Learned a level 3 spell: Mephitic Cloud
  1415 | D:2      | Gained mutation: You sometimes gain a little power by taking damage. [demonic ancestry]
  1415 | D:2      | Reached XP level 4. HP: 22/30 MP: 5/7
  1952 | D:3      | Noticed Zigma's ghost (amateur DrTm)
  2146 | D:3      | Reached skill level 1 in Air Magic
  2343 | D:3      | Noticed Ijyb
  2353 | D:3      | Killed Ijyb
  2478 | D:3      | Gained mutation: You are immune to rotting. [demonic ancestry]
  2478 | D:3      | Reached XP level 5. HP: 35/35 MP: 5/8
  2484 | D:3      | Learned a level 4 spell: Olgreb's Toxic Radiance
  3378 | D:3      | Reached skill level 5 in Poison Magic
  3642 | D:4      | Noticed Grinder
  3663 | D:3      | Gained mutation: You are partially covered in iridescent scales. (AC +2) [demonic ancestry]
  3663 | D:3      | Reached XP level 6. HP: 32/41 MP: 4/9
  3719 | D:3      | HP: 1/41 [gnoll/whip (2)]
  3720 | D:3      | Slain by a gnoll

Vault maps used:
D:1:      mrwooster_arrival_statue
D:2:      nicolae_ashenzari_panopticon
D:3:      first_bread, glass_columns_a, uniq_iyjb
D:4:      uniq_grinder

Skill      XL: |  1  2  3  4  5 |
---------------+----------------+-----
Conjurations   | 1 2 3 4 |  4.0
Air Magic      | 2 |  2.0
Poison Magic   | 5 |  5.3
Dodging        | |  1.7
Stealth        | |  1.7
Spellcasting   | |  2.0

Action                   |  1- 3 |  4- 6 || total
-------------------------+-------+-------++-------
Melee: Spear             |    58 |    98 ||   156
       Unarmed           |     4 |       ||     4
       War axe           |       |    53 ||    53
 Cast: Sting             |    29 |    43 ||    72
       Mephitic Cloud    |     1 |     2 ||     3
 Stab: Sleeping          |     2 |     6 ||     8
       Confused          |       |     1 ||     1
  Eat: Chunk             |     2 |     8 ||    10
Armor: Robe              |    12 |    42 ||    54
Dodge: Dodged            |    41 |   125 ||   166
